 Dungeon Crawl Stone Soup version 0.31.0-9-g3a7656b989 (webtiles) character file.

Game seed: 4754853267932267394

574 JustSomeDude the Poker (level 7, -9/60 HPs)
             Began as a Gnoll Cinder Acolyte on Jan 24, 2024.
             Was an Initiate of Ignis.
             Mangled by Duvessa
             ... wielding a +0 short sword
              (15 damage)
             ... on level 4 of the Dungeon.
             The game lasted 00:06:35 (2363 turns).

JustSomeDude the Poker (Gnoll Cinder Acolyte)       Turns: 2363, Time: 00:06:35

Health: -9/60      AC:  3    Str: 15    XL:     7   Next: 34%
Magic:  12/12      EV: 12    Int: 13    God:    Ignis [......]
Gold:   286        SH:  0    Dex:  8    Spells: 13/13 levels left

rFire   + . .        a - -1 spear (flame)
rCold   . . .        (no shield)
rNeg    . . .        b - +0 robe
rPois   .            (no helmet)
rElec   .            (no cloak)
rCorr   .            (no gloves)
SInv    .            s - +0 pair of boots
Will    .....        d - amulet of regeneration
Stlth   ++           (no ring)
HPRegen 1.10/turn    (no ring)
MPRegen 0.13/turn

%: no passive effects
@: no status effects
A: fangs 1, strong nose, distributed training
a: Renounce Religion, Rising Flame


You were on level 4 of the Dungeon.
You worshipped Ignis.
Ignis was noncommittal.
You visited 1 branch of the dungeon, and saw 4 of its levels.

You collected 286 gold pieces.

Inventory:

Hand Weapons
 a - a -1 spear of flaming (weapon)
 l - a +1 hand axe of freezing
 p - a +0 scythe
Armour
 b - a +0 robe (worn)
 k - a +0 chain mail
 s - a +0 pair of boots (worn)
Jewellery
 d - an amulet of regeneration (around neck)
Talismans
 q - a blade talisman
Wands
 m - a wand of mindburst (8)
Scrolls
 c - 2 scrolls of butterflies {unknown}
 f - a scroll of poison {unknown}
 h - 3 scrolls of identify {unknown}
 i - 2 scrolls of teleportation {unknown}
 j - a scroll of vulnerability {unknown}
 r - 2 scrolls of blinking {unknown}
 t - a scroll of torment {unknown}
 u - a scroll of amnesia {unknown}
Potions
 e - a potion of brilliance {unknown}
 g - 2 potions of might {unknown}
 n - 2 potions of heal wounds {unknown}
 o - a potion of mutation {unknown}


   Skills:
 + Level 7.0 Fighting
 + Level 2.5 Short Blades
 + Level 2.5 Long Blades
 + Level 2.5 Axes
 + Level 2.5 Maces & Flails
 + Level 7.0 Polearms
 + Level 2.5 Staves
 + Level 2.5 Ranged Weapons
 + Level 2.5 Throwing
 + Level 2.5 Armour
 + Level 2.5 Dodging
 + Level 2.5 Stealth
 + Level 2.5 Shields
 + Level 2.5 Unarmed Combat
 + Level 3.8 Spellcasting
 + Level 2.0 Conjurations
 + Level 2.0 Hexes
 + Level 2.0 Summonings
 + Level 2.0 Necromancy
 + Level 2.0 Translocations
 + Level 5.8 Fire Magic
 + Level 2.0 Ice Magic
 + Level 2.0 Air Magic
 + Level 2.0 Earth Magic
 + Level 2.0 Alchemy
 + Level 2.8 Invocations
 + Level 2.5 Evocations
 + Level 2.3 Shapeshifting


You had 13 spell levels left.
You didn't know any spells.
Your spell library contained the following spells:

 Spells                   Type           Power      Damage    Failure   Level
 Scorch                   Fire           34%        2d6       2%          2


Dungeon Overview and Level Annotations

Branches:
Dungeon (4/15)
 Temple: D:4-7

Altars:
Ru

Annotations:
D:4 Duvessa


Innate Abilities, Weirdness & Mutations

You have very sharp teeth.
Your uncanny sense of smell can sniff out nearby items.
Your experience applies equally to all skills.


Message History

Duvessa is severely wounded.
The foxfire hits Duvessa but does no damage.
Duvessa is severely wounded.
The foxfire hits Duvessa.
Duvessa is almost dead.
The foxfire hits Duvessa.
Duvessa is almost dead.
Unknown command.
Unknown command.
Unknown command.
Unknown command.
You hit Duvessa but do no damage.
Duvessa is almost dead.
The foxfire hits Duvessa but does no damage.
Duvessa is almost dead.
Duvessa hits you with a +0 short sword!
You hit Duvessa but do no damage.
Duvessa is almost dead.
Duvessa hits you with a +0 short sword.
You barely miss Duvessa.
Duvessa is almost dead.
Duvessa barely misses you. Duvessa hits you with a +0 short sword!
You hit Duvessa but do no damage. You punch Duvessa, but do no damage.
Duvessa is almost dead.
Duvessa hits you with a +0 short sword!
You hit Duvessa but do no damage.
Duvessa is almost dead.
Duvessa hits you with a +0 short sword!
* * * LOW HITPOINT WARNING * * *
You hit Duvessa. You burn Duvessa.
Duvessa is almost dead.
Duvessa barely misses you.
You hit Duvessa but do no damage. You bite Duvessa, but do no damage.
Duvessa is almost dead.
Duvessa hits you with a +0 short sword!
* * * LOW HITPOINT WARNING * * *
You hit Duvessa but do no damage.
Duvessa is almost dead.
Duvessa hits you with a +0 short sword!
You die...

# ##.#####e# #.#
#.# # #e# #.# #.# #
#.# #.# #.# # #.#
#.###########.# #
#.# #.............#
# #.#
#.##########..# #
#.######..# #.)## #
#.........# #....
####### ###..e@)..#
#..## ......#
#.#####.# #..#
#####.## #.#
#.#########..#
##.#.######.#
#............#
#.###..(....#
#.#########..#
##.#.######.#####.#
#..# ##.##
#.......# #..## ###
#######.# #.... #.#
#.###


You could see Duvessa (berserk).

Vanquished Creatures
  Sigmund (D:3)
  A scorpion (D:4)
  Dowan (D:4)
  A hound (D:4)
  5 orc wizards
  4 adders
  A ribbon worm (D:2)
  A dart slug (D:4)
  6 orcs
  4 ball pythons
  4 bats
  6 endoplasms
  5 giant cockroaches
  7 goblins
  6 hobgoblins
  2 jackals (D:3)
  3 quokkas
  6 frilled lizards
  9 kobolds
  8 rats
81 creatures vanquished.

Vanquished Creatures (others)
  An orc wizard (D:4)
  69 foxfires
70 creatures vanquished.

Grand Total: 151 creatures vanquished

Notes
Turn   | Place    | Note
-------+----------+-------------------------------------------
     0 | D:1      | JustSomeDude the Gnoll Cinder Acolyte began the quest for
                  | the Orb.
     0 | D:1      | Reached XP level 1. HP: 23/23 MP: 4/4
   169 | D:1      | Reached XP level 2. HP: 29/29 MP: 5/5
   350 | D:1      | Reached XP level 3. HP: 35/35 MP: 7/7
   637 | D:2      | Reached skill level 1 in Invocations
   669 | D:2      | Reached skill level 1 in Short Blades
   669 | D:2      | Reached skill level 1 in Long Blades
   669 | D:2      | Reached skill level 1 in Axes
   669 | D:2      | Reached skill level 1 in Maces & Flails
   669 | D:2      | Reached skill level 1 in Staves
   669 | D:2      | Reached skill level 1 in Ranged Weapons
   669 | D:2      | Reached skill level 1 in Throwing
   669 | D:2      | Reached skill level 1 in Armour
   669 | D:2      | Reached skill level 1 in Dodging
   669 | D:2      | Reached skill level 1 in Stealth
   669 | D:2      | Reached skill level 1 in Shields
   669 | D:2      | Reached skill level 1 in Unarmed Combat
   669 | D:2      | Reached skill level 1 in Evocations
   887 | D:2      | Reached skill level 1 in Shapeshifting
   887 | D:2      | Reached XP level 4. HP: 38/41 MP: 8/8
  1066 | D:3      | Found a faded altar of an unknown god.
  1105 | D:3      | Found a sacrificial altar of Ru.
  1136 | D:3      | Reached skill level 1 in Conjurations
  1136 | D:3      | Reached skill level 1 in Hexes
  1136 | D:3      | Reached skill level 1 in Summonings
  1136 | D:3      | Reached skill level 1 in Necromancy
  1136 | D:3      | Reached skill level 1 in Translocations
  1136 | D:3      | Reached skill level 1 in Ice Magic
  1136 | D:3      | Reached skill level 1 in Air Magic
  1136 | D:3      | Reached skill level 1 in Earth Magic
  1136 | D:3      | Reached skill level 1 in Alchemy
  1591 | D:3      | Noticed Sigmund
  1598 | D:3      | Killed Sigmund
  1599 | D:3      | Reached XP level 5. HP: 37/47 MP: 8/10
  1599 | D:3      | Reached XP level 6. HP: 41/53 MP: 8/11
  2147 | D:4      | Reached XP level 7. HP: 60/60 MP: 12/12
  2329 | D:4      | Noticed Duvessa
  2329 | D:4      | Noticed Dowan
  2355 | D:4      | Killed Dowan
  2363 | D:4      | Mangled by Duvessa

Illustrated notes

Levels and vault maps discovered:
D:1:      zelgadis_glass_arrival_small, layout_basic,
          ebering_dispersal_statue_hall
D:2:      layout_rooms
D:3:      layout_basic, nicolae_ru_great_annihilating_truth,
          ebering_ecumenical_altar_webs, chequers_jeans, uniq_sigmund
D:4:      layout_loops_ring, mainiacjoe_overflow_boulevard, uniq_duvessa

Skill      XL: |  1  2  3  4  5  6  7 |
---------------+----------------------+-----
Invocations    | 1 2 |  2.8
Short Blades   | 1 2 |  2.5
Long Blades    | 1 2 |  2.5
Axes           | 1 2 |  2.5
Maces & Flails | 1 2 |  2.5
Staves         | 1 2 |  2.5
Ranged Weapons | 1 2 |  2.5
Throwing       | 1 2 |  2.5
Armour         | 1 2 |  2.5
Dodging        | 1 2 |  2.5
Stealth        | 1 2 |  2.5
Shields        | 1 2 |  2.5
Unarmed Combat | 1 2 |  2.5
Evocations     | 1 2 |  2.5
Shapeshifting  | 1 2 |  2.3
Spellcasting   | 3 |  3.8
Conjurations   | 1 2 |  2.0
Hexes          | 1 2 |  2.0
Summonings     | 1 2 |  2.0
Necromancy     | 1 2 |  2.0
Translocations | 1 2 |  2.0
Ice Magic      | 1 2 |  2.0
Air Magic      | 1 2 |  2.0
Earth Magic    | 1 2 |  2.0
Alchemy        | 1 2 |  2.0
Fighting       | 7 |  7.0
Polearms       | 7 |  7.0
Fire Magic     | |  5.8

Action                     |  1- 3 |  4- 6 |  7- 9 || total
---------------------------+-------+-------+-------++-------
  Melee: Spear             |   129 |   166 |    22 ||   317
         Bite              |     8 |    11 |     1 ||    20
         Punch             |     1 |     5 |     1 ||     7
 Invoke: Foxfire Swarm     |       |     4 |     4 ||     8
         Fiery Armour      |       |     1 |       ||     1
   Stab: Sleeping          |     3 |     2 |       ||     5
         Distracted        |     1 |       |       ||     1
         Held in net/web   |       |     1 |       ||     1
         Paralysed         |       |     1 |       ||     1
 Armour: Robe              |    38 |    50 |    15 ||   103
  Dodge: Dodged            |    29 |    66 |     6 ||   101
